 Dungeon Crawl Stone Soup version 0.25.0-9-g26727b657a (webtiles) character file.

Game seed: 6770304309162887749

525 Delamore the Cudgeler (level 7, -5/41 HPs)
             Began as a Gargoyle Fighter on June 17, 2020.
             Was a Follower of Okawaru.
             Hit by a boomerang thrown by an orc warrior (9 damage)
             ... on level 5 of the Dungeon.
             The game lasted 00:04:17 (3831 turns).

Delamore the Cudgeler (Gargoyle Fighter)            Turns: 3831, Time: 00:04:18

Health: -5/41      AC: 12    Str: 22    XL:     7   Next: 23%
Magic:  7/7        EV:  7    Int:  8    God:    Okawaru [*.....]
Gold:   288        SH:  9    Dex:  9    Spells: 6/6 levels left

rFire    . . .     SeeInvis .   a - +1 flail
rCold    . . .     Gourm    .   c - +0 kite shield
rNeg     + . .     Faith    .   b - +0 scale mail
rPois    ∞         Spirit   .   (no helmet)
rElec    +         Reflect  .   C - +0 cloak (curse)
rCorr    .         Harm     .   (no gloves)
MR       .....                  (no boots)
Stlth    +.........             (no amulet)
HPRegen  0.13/turn              t - ring of stealth
MPRegen  0.10/turn              (no ring)

@: no status effects
A: negative energy resistance 1, electricity resistance, unbreathing,
petrification resistance, rot immunity, AC +4
a: Heroism, Renounce Religion


You were on level 5 of the Dungeon.
You worshipped Okawaru.
Okawaru was aware of your devotion.
You were not hungry.

You visited 2 branches of the dungeon, and saw 6 of its levels.

You collected 288 gold pieces.

Inventory:

Hand Weapons
 a - a +1 flail (weapon)
Missiles
 h - 2 throwing nets (quivered)
Armour
 b - a +0 scale mail (worn)
 c - a +0 kite shield (worn)
 w - a +0 crystal plate armour
 C - a cursed +0 cloak (worn)
Jewellery
 t - a ring of stealth (left hand)
Scrolls
 i - a scroll of fog {unknown}
 j - 4 scrolls of teleportation {unknown}
 k - 7 scrolls of identify {unknown}
 l - a scroll of fear {unknown}
 m - a scroll of amnesia {unknown}
 n - 3 scrolls of remove curse
 p - 4 scrolls of enchant weapon
 u - a scroll of immolation {unknown}
 v - a scroll of random uselessness {unknown}
 y - a scroll of blinking {unknown}
Potions
 d - 4 potions of might
 e - 2 potions of cancellation {unknown}
 g - a potion of flight {unknown}
 o - a potion of heal wounds {unknown}
 q - a potion of haste {unknown}
 r - a potion of magic {unknown}
 s - a potion of curing {unknown}
 x - a potion of ambrosia {unknown}
 z - a potion of brilliance {unknown}
 A - a potion of berserk rage {unknown}
 B - 2 potions of stabbing {unknown}
Comestibles
 f - 11 rations
 D - a chunk of flesh


   Skills:
 - Level 3.2 Fighting
 + Level 7.7 Maces & Flails
 - Level 3.2 Armour
 - Level 3.2 Shields


You had 6 spell levels left.
You didn't know any spells.
Your spell library contained the following spells:

 Spells                   Type           Power        Failure   Level  Hunger
 Corona                   Hex            #......      99%         1    ##.....
 Ensorcelled Hibernation  Hex/Ice        #.....       100%        2    ###....
 Confusing Touch          Hex            #.......     100%        3    ####...
 Dazzling Flash           Conj/Hex       #.....       100%        3    ####...
 Tukima's Dance           Hex            #.......     100%        3    ####...


Dungeon Overview and Level Annotations

Branches:
Dungeon (5/15)             Temple (1/1) D:4

Altars:
Ashenzari
Cheibriados
Dithmenos
Elyvilon
Gozag
Hepliaklqana
Kikubaaqudgha
Makhleb
Nemelex Xobeh
Okawaru
Ru
Sif Muna
Trog
Uskayaw
Vehumet
Wu Jian
The Shining One


Innate Abilities, Weirdness & Mutations

You are resistant to torment.
Your stone body is resilient. (AC +4)
You are immune to poison.
You resist negative energy. (rN+)
You are resistant to electric shocks. (rElec)
You can survive without breathing.
You are immune to petrification.
You are immune to rotting.


Message History

You hit the orc warrior but do no damage.
The orc warrior is severely wounded.
The orc warrior closely misses you.
You barely miss the orc warrior.
The orc warrior is severely wounded.
The orc warrior barely misses you.
You hit the orc warrior but do no damage.
The orc warrior is severely wounded.
You block the orc warrior's attack.
You hit the orc warrior but do no damage.
The orc warrior is severely wounded.
The orc warrior barely misses you.
You closely miss the orc warrior.
The orc warrior is severely wounded.
The orc warrior closely misses you.
Okay, then.
The orc warrior throws a boomerang.
The boomerang barely misses you.
The weapon returns to the orc warrior!
The orc warrior throws a boomerang.
The boomerang hits you!
You die...

#......÷..# ###...#
##........# #......
#........## ..$....
#.........# .....Z.##
#.........# ........#
##........# ......%.#
#........#
....o..o####........#
?......Z#..@........#
......>oo############
#....##### ####


You could see an orc warrior and an orc.

Vanquished Creatures
  A centaur (D:5)
  A scorpion (D:5)
  3 orc wizards (D:5)
  An orc priest (D:5)
  3 iguanas
  A worker ant (D:4)
  4 gnolls
  4 adders
  An adder zombie (D:2)
  An adder skeleton (D:4)
  A worm (D:4)
  3 dart slugs
  2 leopard geckos
  8 orcs
  3 giant cockroaches
  2 goblins
  5 hobgoblins
  15 jackals
  12 kobolds
  A quokka (D:5)
  A ball python (D:4)
  9 bats
  4 frilled lizards
  A jackal skeleton (D:5)
  3 rats (D:1)
90 creatures vanquished.

Notes
Turn   | Place    | Note
-------+----------+-------------------------------------------
     0 | D:1      | Delamore the Gargoyle Fighter began the quest for the Orb.
     0 | D:1      | Reached XP level 1. HP: 14/14 MP: 1/1
   143 | D:1      | Reached XP level 2. HP: 18/19 MP: 2/2
   179 | D:1      | Reached skill level 3 in Maces & Flails
   278 | D:1      | You fall into a shaft and drop 1 floor!
   311 | D:2      | Reached XP level 3. HP: 15/23 MP: 3/3
   917 | D:2      | Reached skill level 4 in Maces & Flails
   919 | D:2      | Reached XP level 4. HP: 23/28 MP: 4/4
  1003 | D:2      | Found a shimmering blue altar of Sif Muna.
  1582 | D:3      | Found an ancient bone altar of Kikubaaqudgha.
  1743 | D:3      | Found a white marble altar of Elyvilon.
  1832 | D:3      | Found a shattered altar of Ashenzari.
  1832 | D:3      | Found a burning altar of Makhleb.
  1833 | D:3      | Found a sacrificial altar of Ru.
  2122 | D:2      | Found an ornate altar of the Wu Jian Council.
  2169 | D:4      | Reached skill level 5 in Maces & Flails
  2169 | D:4      | Reached XP level 5. HP: 32/32 MP: 5/5
  2190 | D:4      | Found a staircase to the Ecumenical Temple.
  2201 | Temple   | Entered the Ecumenical Temple
  2269 | Temple   | Became a worshipper of Warmaster Okawaru
  2922 | D:5      | Entered Level 5 of the Dungeon
  2985 | D:5      | Reached skill level 6 in Maces & Flails
  2985 | D:5      | Reached XP level 6. HP: 22/37 MP: 6/6
  3370 | D:5      | Reached * piety under Okawaru
  3370 | D:5      | Reached skill level 7 in Maces & Flails
  3455 | D:5      | Reached XP level 7. HP: 12/41 MP: 7/7
  3831 | D:5      | Hit by a boomerang thrown by an orc warrior

Illustrated notes

Levels and vault maps discovered:
D:1:      dpeg_chamrin_arrival_tetris, layout_rooms
D:2:      layout_basic, nicolae_overflow_hidden_temple, lemuel_doored_altar
D:3:      layout_rooms, lemuel_coloured_pillars_altar, elyvilon_altar_4,
          gammafunk_temple_overflow_claw
D:4:      layout_rooms, minmay_temple_entry_sparse_star, serial_corexii_hall,
          chequers_hall_statues_wall_a, corexii_hall_statues_deadend,
          corexii_hall_statues_deadend, corexii_hall_statues_i,
          minmay_crystal_room, minmay_fountain_box
D:5:      layout_cave_pods, first_ration, kennysheep_generic_room_6
Temple:   eino_wide_crystal_templ

Skill      XL: |  1  2  3  4  5  6 |
---------------+-------------------+-----
Maces & Flails | 3 4 5 6 7 |  7.7
Fighting       | |  3.2
Armour         | |  3.2
Shields        | |  3.2

Action                   |  1- 3 |  4- 6 |  7- 9 || total
-------------------------+-------+-------+-------++-------
Melee: Flail             |   112 |   159 |    38 ||   309
  Use: Scroll            |     2 |       |       ||     2
  Eat: Chunk             |       |     8 |     2 ||    10
Armor: Scale mail        |   123 |   124 |    10 ||   257
Dodge: Dodged            |    70 |    81 |    17 ||   168
Block: Kite shield       |    81 |   106 |    12 ||   199
